Map: Ever Dream LE

Players

zuka - Winner!

  • Race: Protoss Protoss
  • League: Master
  • Spawn Location: 1:00

Antrip

  • Race: Terran Terran
  • League: Master
  • Spawn Location: 7:00

VOD

Have the link to the VOD?

Description

Time

  • Played on: Aug. 28, 2020, 3:57 p.m.
  • Length: 4:00
Show
View Real Time Build Order
Export as new Build Order

zuka Protoss - Winner!

Build Orders: Proxy Void Ray 

Get SALT Encoding   

  12  0:08  Pylon  
  12  0:13  Probe  
  13  0:26  Gateway  
  13  0:30  Probe (Chrono Boost)  
  14  0:39  Probe (Chrono Boost)  
  14  0:41  Assimilator  
  15  0:44  Probe (Chrono Boost)  
  16  0:53  Assimilator  
  16  0:56  Probe  
  17  1:08  Probe  
  18  1:15  Cybernetics Core  
  18  1:20  Probe  
  19  1:28  Pylon  
  19  1:32  Probe  
  20  1:45  Probe  
  21  1:54  Stargate  
  21  1:56  Adept (Chrono Boost)  
  21  2:01  Warp Gate  
  23  2:10  Pylon  
  23  2:19  Stalker  
  25  2:27  Probe  
  25  2:29  Void Ray (Chrono Boost)  
  30  2:45  Shield Battery  
  30  2:58  Void Ray (Chrono Boost)  
  34  3:07  Shield Battery  
  34  3:19  Shield Battery  
Show
View Real Time Build Order
Export as new Build Order

Antrip Terran 

Build Orders: Gas First Reaper Expand 

Get SALT Encoding   

  12  0:00  SCV  
  13  0:12  SCV  
  14  0:18  Supply Depot  
  14  0:24  SCV  
  15  0:29  Refinery  
  15  0:40  SCV  
  16  0:46  Barracks  
  16  0:52  SCV  
  17  1:04  SCV  
  18  1:16  SCV  
  19  1:33  Reaper, Orbital Command  
  20  1:45  Command Center  
  20  1:57  Factory  
  20  2:00  SCV  
  21  2:04  Supply Depot  
  21  2:11  Barracks Reactor  
  21  2:13  SCV  
  22  2:15  Refinery  
  22  2:25  SCV  
  23  2:37  SCV  
  26  2:46  Starport  
  26  2:48  Marine x2  
  26  2:50  Widow Mine  
  28  2:55  SCV  
  28  2:56  Orbital Command  
  29  3:05  Marine  
  29  3:06  Marine  
  29  3:07  SCV  
  32  3:19  SCV  
  33  3:20  Widow Mine  
  33  3:23  Viking, Marine x2  
  35  3:29  Bunker  
  35  3:31  SCV  
  31  3:52  Factory Tech Lab  
Tags
 
Add a new tag
Caveats
  • Supply blocks, unpowered buildings, or Contaminate may cause inaccurate times.
  • Supply counts are checked every 10 seconds.